PCL
GRESHAM GOLD SOULS @ MILE HIGH BRONCOS
07/22/2030
 
TOP OF THE 1ST
Gresham Gold Souls batting - Pitching for Mile High Broncos : RHP Scott King
Pitching: RHP Scott King
Batting: LHB Joel Nelson 0-0: Ball
1-0: Ball
2-0: Called Strike
2-1: Swinging Strike
2-2: Strikes out swinging
Batting: RHB Jared Thompson 0-0: Ground out 1-3 (Groundball, P)
Batting: LHB Caleb Hall 0-0: Ball
1-0: Ball
2-0: Called Strike
2-1: Foul Ball, location: 2F
2-2: Fly out, F8 (Flyball, 78XD)
Top of the 1st over - 0 runs, 0 hits, 0 errors, 0 left on base; Gresham 0 - Mile High 0
BOTTOM OF THE 1ST
Mile High Broncos batting - Pitching for Gresham Gold Souls : RHP Eusébio Lagarto
Pitching: RHP Eusébio Lagarto
Batting: RHB José Darias 0-0: Swinging Strike
0-1: Foul Ball, location: 2F
0-2: Strikes out swinging
Batting: SHB Michael Field 0-0: Fly out, F5 (Popup, 5F)
Batting: RHB Rodney González 0-0: Called Strike
0-1: Called Strike
0-2: Foul Ball, location: 2F
0-2: Ground out 5-3 (Groundball, 5)
Bottom of the 1st over - 0 runs, 0 hits, 0 errors, 0 left on base; Gresham 0 - Mile High 0
TOP OF THE 2ND
Gresham Gold Souls batting - Pitching for Mile High Broncos : RHP Scott King
Batting: LHB Jeff Douglas 0-0: Foul Ball, location: 2F
0-1: Foul Ball, location: 2F
0-2: Ball
1-2: Ball
2-2: Strikes out swinging
Batting: RHB Norm Francis 0-0: Ball
1-0: SINGLE (Groundball, 4) (infield hit)
Batting: LHB Millard Dye 0-0: Called Strike
0-1: Foul Ball, location: 2F
0-2: Foul Ball, location: 2F
0-2: Ground out 6-3 (Groundball, 6MS)
Norm Francis to second
Batting: RHB Alberto Chávez 0-0: Ground out 4-3 (Groundball, 4)
Top of the 2nd over - 0 runs, 1 hit, 0 errors, 1 left on base; Gresham 0 - Mile High 0
BOTTOM OF THE 2ND
Mile High Broncos batting - Pitching for Gresham Gold Souls : RHP Eusébio Lagarto
Batting: RHB António Martínez 0-0: Ball
1-0: Swinging Strike
1-1: Ball
2-1: DOUBLE (Groundball, 5L)
Batting: LHB Tony Báez 0-0: Ball
1-0: Swinging Strike
1-1: SINGLE (Groundball, 6MD)
António Martínez to third
Batting: RHB Tim Hanson 0-0: SINGLE (Groundball, 6MD)
António Martínez scores
Tony Báez to second
Batting: SHB Ben Marks 0-0: Foul Ball, location: 2F
0-1: Ball
1-1: Foul Ball, location: 2F
1-2: Ball
2-2: Strikes out swinging
Batting: SHB Paco Martínez 0-0: Grounds into double play, 1-6-3 (Groundball, 13)
Bottom of the 2nd over - 1 run, 3 hits, 0 errors, 1 left on base; Gresham 0 - Mile High 1
TOP OF THE 3RD
Gresham Gold Souls batting - Pitching for Mile High Broncos : RHP Scott King
Batting: RHB Jesús Gutiérrez 0-0: Ball
1-0: Swinging Strike
1-1: Ball
2-1: SINGLE (Groundball, 34D)
Batting: RHB Anthony Wells 0-0: Swinging Strike
0-1: Grounds into double play, 6-4-3 (Groundball, 6)
Batting: LHB Joel Nelson 0-0: Called Strike
0-1: DOUBLE (Line Drive, 7LD)
Batting: RHB Jared Thompson 0-0: Foul Ball, location: 2F
0-1: Fly out, F8 (Flyball, 8RXD)
Top of the 3rd over - 0 runs, 2 hits, 0 errors, 1 left on base; Gresham 0 - Mile High 1
BOTTOM OF THE 3RD
Mile High Broncos batting - Pitching for Gresham Gold Souls : RHP Eusébio Lagarto
Batting: RHB Mançio Delmage 0-0: Ball
1-0: Ground out 1-3 (Groundball, P)
Batting: RHB José Darias 0-0: Called Strike
0-1: Fly out, F9 (Flyball, 9LM)
Batting: SHB Michael Field 0-0: Called Strike
0-1: Ball
1-1: Ball
2-1: Ball
3-1: Base on Balls
Batting: RHB Rodney González 0-0: Fly out, F8 (Line Drive, 8LD)
Bottom of the 3rd over - 0 runs, 0 hits, 0 errors, 1 left on base; Gresham 0 - Mile High 1
TOP OF THE 4TH
Gresham Gold Souls batting - Pitching for Mile High Broncos : RHP Scott King
Batting: LHB Caleb Hall 0-0: Foul Ball, location: 2F
0-1: Ball
1-1: Ball
2-1: Foul Ball, location: 2F
2-2: Foul Ball, location: 2F
2-2: SOLO HOME RUN (Flyball, 9LD), Distance : 385 ft
Batting: LHB Jeff Douglas 0-0: Foul Ball, location: 2F
0-1: Ball
1-1: Ground out 1-3 (Groundball, 15)
Batting: RHB Norm Francis 0-0: Foul Ball, location: 2F
0-1: Foul Ball, location: 2F
0-2: Foul Ball, location: 2F
0-2: Fly out, F3 (Popup, 3F)
Batting: LHB Millard Dye 0-0: Swinging Strike
0-1: Ball
1-1: Swinging Strike
1-2: Strikes out swinging
Top of the 4th over - 1 run, 1 hit, 0 errors, 0 left on base; Gresham 1 - Mile High 1
BOTTOM OF THE 4TH
Mile High Broncos batting - Pitching for Gresham Gold Souls : RHP Eusébio Lagarto
Batting: RHB António Martínez 0-0: Foul Ball, location: 2F
0-1: Ball
1-1: Ball
2-1: DOUBLE (Flyball, 9LD)
Batting: LHB Tony Báez 0-0: Called Strike
0-1: Ball
1-1: Swinging Strike
1-2: Ground out 5-3 (Groundball, 56S)
António Martínez to third
Batting: RHB Tim Hanson 0-0: Called Strike
0-1: Ball
1-1: Ball
2-1: Ball
3-1: Fly out, F7 (Flyball, 7)
Runner from 3rd tags up, OUT at HOME
Bottom of the 4th over - 0 runs, 1 hit, 0 errors, 0 left on base; Gresham 1 - Mile High 1
TOP OF THE 5TH
Gresham Gold Souls batting - Pitching for Mile High Broncos : RHP Scott King
Batting: RHB Alberto Chávez 0-0: Ball
1-0: Called Strike
1-1: Called Strike
1-2: Foul Ball, location: 2F
1-2: Foul Ball, location: 2F
1-2: Foul Ball, location: 2F
1-2: Fly out, F9 (Flyball, 89XD)
Batting: RHB Jesús Gutiérrez 0-0: Ball
1-0: TRIPLE (Line Drive, 8RXD)
Batting: RHB Anthony Wells 0-0: Called Strike
0-1: Ball
1-1: Ball
2-1: Ball
3-1: Foul Ball, location: 2F
3-2: Foul Ball, location: 2F
3-2: Fly out, F7 (Flyball, 7)
Runner from 3rd tags up, OUT at HOME
Top of the 5th over - 0 runs, 1 hit, 0 errors, 0 left on base; Gresham 1 - Mile High 1
BOTTOM OF THE 5TH
Mile High Broncos batting - Pitching for Gresham Gold Souls : RHP Eusébio Lagarto
Batting: SHB Ben Marks 0-0: Ball
1-0: Foul Ball, location: 2F
1-1: Called Strike
1-2: Ball
2-2: Ball
3-2: Base on Balls
Batting: SHB Paco Martínez 0-0: Foul Ball, location: 2F
0-1: Ball
1-1: Foul Ball, location: 2F
1-2: Foul Ball, location: 2F
1-2: Ball
2-2: Ball
3-2: SINGLE (Line Drive, 6M)
Ben Marks to second
Batting: RHB Mançio Delmage 0-0: Foul Ball, location: 2F
0-1: Ball
1-1: Foul Ball, location: 2F
1-2: Strikes out swinging
Batting: RHB José Darias 0-0: Ground out 3-1 (Groundball, 34S)
Ben Marks to third
Paco Martínez to second
Batting: SHB Michael Field 0-0: Ball
1-0: Ball
2-0: Swinging Strike
2-1: DOUBLE (Line Drive, 78XD)
Ben Marks scores
Paco Martínez scores
Batting: RHB Rodney González 0-0: SINGLE (Line Drive, 9S)
Michael Field to third
Runner from 3rd tries for Home, SAFE, throw made home
Batting: RHB António Martínez 0-0: Called Strike
0-1: Ball
1-1: Ball
2-1: Ground out 6-3 (Groundball, 6S)
Bottom of the 5th over - 3 runs, 3 hits, 0 errors, 1 left on base; Gresham 1 - Mile High 4
TOP OF THE 6TH
Gresham Gold Souls batting - Pitching for Mile High Broncos : RHP Scott King
Batting: LHB Joel Nelson 0-0: Called Strike
0-1: Ball
1-1: Ground out 5-3 (Groundball, 5D)
Batting: RHB Jared Thompson 0-0: Swinging Strike
0-1: Ball
1-1: Fly out, F7 (Flyball, 7LDF)
Batting: LHB Caleb Hall 0-0: Fly out, F8 (Flyball, 8RS)
Top of the 6th over - 0 runs, 0 hits, 0 errors, 0 left on base; Gresham 1 - Mile High 4
BOTTOM OF THE 6TH
Mile High Broncos batting - Pitching for Gresham Gold Souls : RHP Eusébio Lagarto
Batting: LHB Tony Báez 0-0: Ball
1-0: Swinging Strike
1-1: Ground out 5-3 (Groundball, 56S)
Batting: RHB Tim Hanson 0-0: Ball
1-0: Called Strike
1-1: Swinging Strike
1-2: Foul Ball, location: 2F
1-2: SINGLE (Flyball, 9S)
Pitching: RHP Bob Bartell
Batting: SHB Ben Marks 0-0: Called Strike
0-1: Foul Ball, location: 2F
0-2: Ball
1-2: Grounds into double play, 5-4-3 (Groundball, 56)
Bottom of the 6th over - 0 runs, 1 hit, 0 errors, 0 left on base; Gresham 1 - Mile High 4
TOP OF THE 7TH
Gresham Gold Souls batting - Pitching for Mile High Broncos : RHP Scott King
Batting: LHB Jeff Douglas 0-0: Swinging Strike
0-1: Foul Ball, location: 2F
0-2: Strikes out swinging
Batting: RHB Norm Francis 0-0: Fly out, F3 (Line Drive, 3)
Batting: LHB Millard Dye 0-0: Called Strike
0-1: Ball
1-1: Foul Ball, location: 2F
1-2: Reached on error, E3 (Groundball, 3)
Batting: RHB Alberto Chávez 0-0: Foul Ball, location: 2F
0-1: Ground out 5-3 (Groundball, 56S)
Top of the 7th over - 0 runs, 0 hits, 1 error, 1 left on base; Gresham 1 - Mile High 4
BOTTOM OF THE 7TH
Mile High Broncos batting - Pitching for Gresham Gold Souls : RHP Bob Bartell
Batting: SHB Paco Martínez 0-0: Called Strike
0-1: Ball
1-1: Ball
2-1: SINGLE (Line Drive, 9S)
Batting: RHB Mançio Delmage 0-0: Sac Bunt - play at first, batter OUT! 1-3
Paco Martínez to second
Batting: RHB José Darias 0-0: Called Strike
0-1: Foul Ball, location: 2F
0-2: Strikes out swinging
Batting: SHB Michael Field 0-0: Called Strike
0-1: SINGLE (Line Drive, 89M)
Paco Martínez to third
Runner from 3rd tries for Home, SAFE, no throw
Batting: RHB Rodney González 0-0: Swinging Strike
0-1: Ground out 1-3 (Groundball, 15S)
Bottom of the 7th over - 1 run, 2 hits, 0 errors, 1 left on base; Gresham 1 - Mile High 5
TOP OF THE 8TH
Gresham Gold Souls batting - Pitching for Mile High Broncos : RHP Scott King
Batting: RHB Jesús Gutiérrez 0-0: Ball
1-0: DOUBLE (Line Drive, 3D)
Batting: RHB Anthony Wells 0-0: Called Strike
0-1: Ball
1-1: Ball
2-1: Called Strike
2-2: Ground out 5-3 (Groundball, 56)
Batting: LHB Joel Nelson 0-0: Ball
1-0: Swinging Strike
1-1: Fly out, F6 (Popup, 6D)
Batting: RHB Jared Thompson 0-0: Ground out 6-3 (Groundball, 6)
Top of the 8th over - 0 runs, 1 hit, 0 errors, 1 left on base; Gresham 1 - Mile High 5
BOTTOM OF THE 8TH
Mile High Broncos batting - Pitching for Gresham Gold Souls : RHP Bob Bartell
Batting: RHB António Martínez 0-0: Ball
1-0: Ball
2-0: Called Strike
2-1: Ball
3-1: Fly out, F7 (Flyball, 7LS)
Batting: LHB Tony Báez 0-0: Called Strike
0-1: Foul Ball, location: 2F
0-2: Ball
1-2: Ground out 4-3 (Groundball, 4M)
Batting: RHB Tim Hanson 0-0: Called Strike
0-1: Ball
1-1: Ball
2-1: Foul Ball, location: 2F
2-2: Ball
3-2: Foul Ball, location: 2F
3-2: Base on Balls
Batting: SHB Ben Marks 0-0: Swinging Strike
0-1: Ball
1-1: Ground out 4-3 (Groundball, 4)
Bottom of the 8th over - 0 runs, 0 hits, 0 errors, 1 left on base; Gresham 1 - Mile High 5
TOP OF THE 9TH
Gresham Gold Souls batting - Pitching for Mile High Broncos : RHP Scott King
Batting: LHB Caleb Hall 0-0: Ball
1-0: Called Strike
1-1: Swinging Strike
1-2: Foul Ball, location: 2F
1-2: Strikes out swinging
Batting: LHB Jeff Douglas 0-0: Ball
1-0: Ball
2-0: Ball
3-0: Called Strike
3-1: Ground out 4-3 (Groundball, 4)
Batting: RHB Norm Francis 0-0: Ball
1-0: DOUBLE (Line Drive, 7D)
Pitching: RHP José García
Batting: LHB Millard Dye 0-0: Swinging Strike
0-1: Foul Ball, location: 2F
0-2: Ball
1-2: Strikes out swinging
Top of the 9th over - 0 runs, 1 hit, 0 errors, 1 left on base; Gresham 1 - Mile High 5
Saturday, April 7th, 2018 - OOTP Baseball 18.8 Build 76